 Dungeon Crawl Stone Soup version 0.31-a0-1082-g7d1fb776a8 (webtiles) character file.

Game seed: 7079119339641055390

55 Flugslaktarn the Changeling (level 3, 0/23 HPs)
             Began as an Octopode Shapeshifter on Nov 28, 2023.
             Slain by a gnoll
             ... wielding a +0 spear
              (2 damage)
             ... on level 2 of the Dungeon.
             The game lasted 00:00:55 (1369 turns).

Flugslaktarn the Changeling (Octopode Shapeshifter) Turns: 1369, Time: 00:00:56

Health: 0/23       AC:  1    Str: 13    XL:     3   Next: 93%
Magic:  0/3        EV: 13    Int: 12    God:
Gold:   232        SH:  0    Dex: 13    Spells: 2/2 levels left

rFire   . .          .
                       - Unarmed
rCold   . . .        (no shield)
rNeg    . . .        (helmet currently unavailable)
rPois   .            f - amulet of guardian spirit
rElec   .            (no ring)
rCorr   .            (no ring)
SInv    .            (no ring)
Will    +....        (no ring)
Stlth   ++           (no ring)
HPRegen 0.23/turn    (no ring)
MPRegen 0.08/turn    (no ring)
                     (no ring)

%: guardian spirit
@: about to teleport, beast-form, enlightened, flying
A: beast (slay +2), almost no armour, amphibious, 8 rings, camouflage 1,
gelatinous body 1, (nimble swimmer 1), tentacles
a: Begin Untransformation


You were on level 2 of the Dungeon.
You were a hulking beast.
You visited 1 branch of the dungeon, and saw 2 of its levels.

You collected 232 gold pieces.

Inventory:

Jewellery
 f - an amulet of guardian spirit (around mantle)
   (You found it on level 1 of the Dungeon)
Talismans
 b - a beast talisman
 c - a flux talisman
Scrolls
 i - a scroll of revelation {unknown}
 r - 2 scrolls of identify
Potions
 a - a potion of lignification
 h - a potion of resistance {unknown}


   Skills:
 - Level 1.0 Fighting
 - Level 2.0 Dodging
 - Level 3.0 Unarmed Combat
 + Level 4.4 Shapeshifting


You had 2 spell levels left.
You didn't know any spells.
Your spell library was empty.

Dungeon Overview and Level Annotations

Branches:
Dungeon (2/15)

Altars:

Shops:
D:1 [   D:2 =


Innate Abilities, Weirdness & Mutations

You are a hulking beast.
Your limbs bulge with bestial killing power. (Slay +2)
You cannot wear most types of armour.
You are amphibious.
You can wear up to eight rings at the same time.
Your skin changes colour to match your surroundings (Stealth+).
Your rubbery body absorbs attacks. (AC +1, EV +1)
((You are camouflaged when in or above water. (Stealth+)))
You have tentacles for arms and can constrict up to eight enemies at once.


Message History

No target in view!
No target in view!
No target in view!
No target in view!
There is an escape hatch in the ceiling here.
i - a scroll labelled WAC CINAI No target in view!
An endoplasm comes into view.
An endoplasm is nearby!
The endoplasm quivers.
You tentacle-slap the endoplasm.
You kill the endoplasm!
No target in view!
No target in view!
No target in view!
No target in view!
A kobold comes into view. It is wielding a +0 dagger.
You see here 8 gold pieces.
A kobold is nearby!
A kobold is nearby!
The kobold shouts!
You bludgeon the kobold!
You kill the kobold!
No target in view!
No target in view!
No target in view!
No target in view!
You now have 124 gold pieces (gained 8).
You now have 143 gold pieces (gained 19).
Found Buxtaten's Jewellery Shoppe.
No target in view!
You now have 150 gold pieces (gained 7).
You now have 163 gold pieces (gained 13).
You now have 173 gold pieces (gained 10).
You now have 180 gold pieces (gained 7).
You now have 193 gold pieces (gained 13).
You now have 209 gold pieces (gained 16).
You now have 222 gold pieces (gained 13).
You now have 232 gold pieces (gained 10).
There is an entrance to Buxtaten's Jewellery Shoppe here.
You can access your shopping list by pressing '$'.
You open the door.
There is an open door here.
There is an escape hatch in the floor here.
A gnoll is nearby!
A gnoll is nearby!
A gnoll is nearby!
Found a short sword.
The gnoll shouts! x2
You tentacle-slap the gnoll. You grab the gnoll. You tentacle-slap the gnoll.
You squeeze the gnoll, but do no damage.
The gnoll is heavily wounded.
You constrict the gnoll.
You hear a shout!
The gnoll hits you with a +0 spear.
You release your grip on the gnoll.
The gnoll hits you from afar with a +0 spear.
A hobgoblin comes into view.
The gnoll attacks as it pursues you!
The gnoll hits you from afar with a +0 spear.
There is an escape hatch in the floor here.
There is an open door here.
The gnoll attacks as it pursues you! The gnoll misses you.
The gnoll misses you.
You tentacle-slap the gnoll but do no damage.
You grab the gnoll.
The gnoll is heavily wounded.
You constrict the gnoll, but do no damage.
The gnoll barely misses you. x2
You tentacle-slap the gnoll.
The gnoll is severely wounded.
You constrict the gnoll.
The gnoll hits you from afar with a +0 spear.
The gnoll hits you with a +0 spear.
You are too injured to fight recklessly!
You are too injured to fight recklessly!
You tentacle-slap the gnoll but do no damage.
The gnoll is almost dead.
You constrict the gnoll, but do no damage.
The gnoll hits you from afar with a +0 spear.
The gnoll misses you.
You tentacle-slap the gnoll.
You kill the gnoll!
The gnoll hits you from afar with a +0 spear!
* * * LOW HITPOINT WARNING * * *
Okay, then.
As you read the scroll labelled ZUMYUBE ZUGU, it crumbles to dust.
It is a scroll of identify.
g - a scroll of teleportation;
t - a scroll of teleportation
r - 2 scrolls of identify
Okay, then.
As you read the scroll of teleportation, it crumbles to dust.
You feel strangely unstable.
Unknown command.
Okay, then.
It was a potion of enlightenment.
You feel very buoyant.
You fly up into the air.
The gnoll hits you from afar with a +0 spear.
You die...

##....g#######.# #...#
#.............# #...#
#.....######### #g..# #####g#
#g..# #....######## #...#
#....##.....### #...#
###...[##.......# #...#########
..............∩.#####>..#.......#
................h.ggg............
.......#.############...#+#...#.#
.#....##.# #.........#.#
.#######.# #.†.......#.# ..## #.#
######...........# ...## #.#
............##.### .#..####.#
######......##.# # .#.......#
###......##.# # .#...#####
########.+......##.# #


You could see 2 gnolls and a hobgoblin.

Vanquished Creatures
  A gnoll (D:2)
  An adder (D:2)
  2 dart slugs (D:1)
  2 bats (D:1)
  5 endoplasms
  A giant cockroach (D:2)
  3 goblins
  3 hobgoblins
  2 jackals (D:1)
  3 kobolds
  A quokka (D:1)
  2 ball pythons (D:2)
  2 frilled lizards (D:1)
  2 rats
30 creatures vanquished.

Notes
Turn   | Place    | Note
-------+----------+-------------------------------------------
     0 | D:1      | Flugslaktarn the Octopode Shapeshifter began the quest for
                  | the Orb.
     0 | D:1      | Reached XP level 1. HP: 13/13 MP: 1/1
    18 | D:1      | Found Vesot's Antique Armour Boutique.
   130 | D:1      | Reached XP level 2. HP: 8/18 MP: 2/2
   196 | D:1      | Found a faded altar of an unknown god.
   760 | D:1      | Reached XP level 3. HP: 23/23 MP: 3/3
   801 | D:2      | Reached skill level 4 in Shapeshifting
  1319 | D:2      | Found Buxtaten's Jewellery Shoppe.
  1365 | D:2      | HP: 1/23 [gnoll/+0 spear (6)]
  1369 | D:2      | Slain by a gnoll

Illustrated notes

Levels and vault maps discovered:
D:1:      dpeg_arrival_shelter, layout_basic, hellmonk_ecumenical_altar_zigzags,
          serial_shops, nicolae_shop_just_a_little_nook
D:2:      layout_basic, serial_shops, shop_coins, nrook_loot_triangle

Skill      XL: |  1  2  3 |
---------------+----------+-----
Shapeshifting  | 4 |  4.4
Fighting       | |  1.0
Dodging        | |  2.0
Unarmed Combat | |  3.0

Action                     || total
---------------------------++-------
  Melee: Unarmed           ||    53
         Constrict         ||    11
         Tentacles         ||     8
         Punch             ||     4
    Use: Scroll            ||     2
         Potion            ||     1
   Stab: Sleeping          ||     6
         Distracted        ||     1
 Armour: Skin              ||    34
  Dodge: Dodged            ||    29

Table legend: (Time is in decaauts)
 A = Elapsed time spent in this place.
 B = Non-inter-level travel time spent in this place.
 C = Inter-level travel time spent in this place.
 D = Time resting spent in this place.
 E = Time spent auto-exploring this place.
 F = Levels seen in this place.
 G = Mean time per level.
                   A        B        C        D        E       F      G
               +--------+--------+--------+--------+--------+-----+--------+
         Total |   1367 |   1237 |    130 |    130 |    857 |   2 |  683.5 |
       Dungeon |   1367 |   1237 |    130 |    130 |    857 |   2 |  683.5 |
               +--------+--------+--------+--------+--------+-----+--------+

Top non-repeatable levels by time:
     D:1: 948 daAuts
     D:2: 419 daAuts
